 BcadrenCrawl: Boulder Brew version 0.06-688-g08e91b2d95 (webtiles) character file.

Game seed: 10797683085152749550

186 Leeroy the Skirmisher (level 5, -2/44 HPs) Molten Gargoyle Fire Elementalist. Began on Jan 31, 2023. Slain by a saelneytandi (5 damage) ... summoned by the player character ... on level 2 of the Dungeon. The game lasted 00:04:20 (998 turns).

Leeroy the Skirmisher (MGFE)                         Turns: 998, Time: 00:04:21

Health: -2/44      AC:  3    Str:  5    XL:     5 ^: 113
Magic:  8/8        EV: 14    Int: 16    God:
Gold:   72         SH:  0    Dex: 17    Spells: 7/8 levels left

rFire    + + +     Slash    +   d - +14 obsidian axe {chop, +Fly +Vis Soulbond}
rCold    x x .     Pierce   .   (no weapon)
rNeg     + . .     Bludgeon +   a - +0 robe
rCorr    . . .     Vision   +   (no helmet)
rPois    ∞         Gourm    .   (no cloak)
rElec    +         Faith    .   (no gloves)
MR       .....     Spirit   .   (no boots)
HPRegen  0.24/turn Reflect  .   (no amulet)
MPRegen  0.18/turn Harm     .   (no ring)
Stlth    ++........             (no ring)

@: mesmerised
A: torment immune, lava walking, breathe magma 1, fire resistance 3, negative
energy resistance 1, electricity resistance, unbreathing, petrification
resistance, cold vulnerability 2, rot immunity, core melding 2, artificial flesh
a: Breathe Magma, Evoke Flight


You were on level 2 of the Dungeon.
You were hungry.

You visited 1 branch of the dungeon, and saw 2 of its levels.

You collected 72 gold pieces.

Inventory:

Weapons
 d - the +14 obsidian axe (weapon) {chop, +Fly +Vis Soulbond}
   (You acquired it on level 1 of the Dungeon)

   It inflicts extra damage upon your enemies.
   It improves your vision.
   It lets you fly.
   When equipped, it binds to the wielder's soul until they gain enough
   experience to unwield again.
Armour
 a - a +0 robe (worn)
Jewellery
 e - an uncursed ring of evasion
 g - a cursed ring of ice {(Curse: Stlth-)}
Scrolls
 f - a scroll of fear
 h - 2 scrolls of teleportation
 i - 2 scrolls of summoning
Comestibles
 b - a chunk of flesh
 c - 3 rations


   Skills:
 + Level 4.6 Fighting
 - Level 3.6 Dodging
 - Level 1.6 Stealth
 - Level 2.2 Spellcasting
 - Level 4.3 Fire Magic


You had 7 spell levels left.
You knew the following spells:

 Your Spells              Type           Power        Failure   Level  Hunger
a - Foxfire               Fire           15 (25)      3%          1    4-24

Your spell library contained the following spells:

 Spells                   Type           Power        Failure   Level  Hunger
 Searing Ray Fire 15 (50) 5% 2 44-84 Conjure Flame Fire 15 (100) 11% 3 84-144 Inner Flame Hex/Fire 8 (100) 26% 3 84-144 Sticky Flame Fire/Pois 8 (100) 63% 4 164-264 Fireball Fire           15 (200)     67%         5    284-444


Dungeon Overview and Level Annotations

Branches:
Dungeon (2/8)

Altars:


Innate Abilities, Weirdness & Mutations

You are resistant to torment.
You are not damaged by walking on lava.
You are immune to poison.
You can breathe lava.
You are almost immune to the effects of heat. (rF+++)
You resist negative energy. (rN+)
You are resistant to electric shocks. (rElec)
You can survive without breathing.
You are immune to petrification.
You are very vulnerable to cold. (rC--)
You are immune to rotting.
The molten core of your body molds to fit into any body armour perfectly. (1.5x Base AC and No Encumberance from Armour).
Your artificial form resists hard blunt hits and is difficult to cut into. (rBludgeoning+ , rSlashing+)


Message History

Unknown command.
Unknown command.
Unknown command.
Unknown command.
You hit the saelneytandi but do no damage.
You open a gate to Pandemonium!
A demon appears!
You slash the big kobold (9)!
He is lacerated severely!
You kill the big kobold!
You hear a splash.
Your life force feels restored.
Your Fighting skill increases to level 4!
You have reached level 5!
You barely miss the leopard gecko.
The leopard gecko is heavily wounded. (3/6) HP You hit the saelneytandi but do no damage.
The saelneytandi is healthy. (56/56) HP The leopard gecko bites you but does no damage.
A kobold comes into view.
The saelneytandi hits you (5). You resist.
You die... #PPP≈≈≈≈≈≈≈. #P≈PPPP≈≈#.. # #≈PP≈≈P≈≈≈≈ #≈#P≈P≈≈≈P≈# #KP..≈PPPP

#≈P.3≈≈PP#
#≈≈))≈PP≈#
#≈≈l@≈≈PP#
#≈≈≈3≈≈≈<#
#≈≈≈≈PP.≈≈#
#≈≈≈PbP..##
#≈≈≈.PPP.#
#≈≈≈...≈..#
#≈#≈..≈≈P≈≈#
≈##≈≈≈≈≈≈PP#
#≈≈≈...≈≈#


You could see a saelneytandi (summoned), a leopard gecko (mesmerising), a kobold
and a friendly sturnulos (summoned).

Vanquished Creatures
  A big kobold (D:2)
  A jelly (D:2)
  2 giant cockroaches (D:1)
  An adder (D:2)
  A cinder newt (D:1)
  2 dart slugs (D:1)
  6 goblins (D:1)
  2 hobgoblins (D:1)
  9 kobolds
  A ball python skeleton (D:2)
  3 rats (D:1)
  A withered plant (D:2)
30 creatures vanquished.

Vanquished Creatures (collateral kills)
  A cinder newt (D:1)
  An ooze (D:1)
  A goblin (D:1)
  A hobgoblin (D:1)
  A bat (D:1)
  A kobold (D:1)
  A rat (D:1)
7 creatures vanquished.

Vanquished Creatures (others)
  5 foxfires (D:1)
  2 withered plants (D:2)
7 creatures vanquished.

Grand Total: 44 creatures vanquished

Notes
Turn   | Place    | Note
-------+----------+-------------------------------------------
     0 | D:1      | Leeroy the Molten Gargoyle Fire Elementalist began the
                  | quest for the Orb.
     0 | D:1      | Reached XP level 1. HP: 18/18 MP: 3/3
    47 | D:1      | Identified a scroll of acquirement
   107 | D:1      | Found the +14 obsidian axe {chop, +Fly +Vis Soulbond}
   107 | D:1      | Got the +14 obsidian axe {chop, +Fly +Vis Soulbond}
   125 | D:1      | Reached XP level 2. HP: 21/25 MP: 5/5
   186 | D:1      | Reached XP level 3. HP: 31/31 MP: 6/6
   265 | D:1      | Reached skill level 1 in Fighting
   752 | D:1      | Reached XP level 4. HP: 34/37 MP: 7/7
   985 | D:2      | Identified the cursed ring of Activism {Fire Int+5 Dex-5
                  | +Vis, (Curse: MR-)}
   990 | D:2      | Noticed a big kobold
   995 | D:2      | Noticed a saelneytandi
   998 | D:2      | Killed a big kobold
   998 | D:2      | Reached XP level 5. HP: 2/44 MP: 8/8
   998 | D:2      | Slain by a saelneytandi

Illustrated notes

Levels and vault maps discovered:
D:1:      dpeg_arrival_shrine, layout_basic
D:2:      layout_sewer, kennysheep_little_box, first_ration, uniq_edmund,
          uniq_purgy

Skill      XL: |  1  2  3  4 |
---------------+-------------+-----
Dodging        | 3 |  3.6
Fighting       | 2 4 |  4.6
Stealth        | |  1.6
Spellcasting   | |  2.2
Fire Magic     | |  4.3

Action                   |  1- 3 |  4- 6 || total
-------------------------+-------+-------++-------
Melee: Unarmed           |    23 |     7 ||    30
       Broad axe         |    25 |    11 ||    36
 Cast: Foxfire           |     3 |       ||     3
 Abil: Breathe Magma     |     1 |       ||     1
  Use: Scroll            |     1 |       ||     1
 Stab: Sleeping          |     3 |       ||     3
Armor: Robe              |    11 |     6 ||    17
Dodge: Dodged            |     7 |     4 ||    11
